 Dungeon Crawl Stone Soup version 0.31-a0-18-gea43df2a32 (webtiles) character file.

Game seed: 4314725969728801713

308 porpoise the Shooter (level 6, -1/49 HPs)
             Began as a Merfolk Hunter on May 12, 2023.
             Was an Initiate of Fedhas.
             Slain by a killer bee (2 damage)
             ... on level 4 of the Dungeon.
             The game lasted 00:09:49 (2788 turns).

porpoise the Shooter (Merfolk Hunter)               Turns: 2788, Time: 00:09:50

Health: -1/49      AC:  7    Str: 11    XL:     6   Next: 40%
Magic:  6/6        EV: 12    Int:  8    God:    Fedhas [......]
Gold:   194        SH:  0    Dex: 20    Spells: 5/5 levels left

rFire   . . .        b - +2 short sword (speed)
rCold   . . .        (no shield)
rNeg    . . .        c - +0 leather armour
rPois   .            (no helmet)
rElec   .            (no cloak)
rCorr   .            j - +2 pair of gloves
SInv    .            z - +0 pair of boots
Will    .....        (no amulet)
Stlth   ++           (no ring)
HPRegen 0.28/turn    (no ring)
MPRegen 0.10/turn

%: no passive effects
@: lethally poisoned (-1 -> -3), hasted, very quick
A: (nimble swimmer 2), mertail
a: Renounce Religion


You were on level 4 of the Dungeon.
You worshipped Fedhas.
Fedhas was noncommittal.
You visited 2 branches of the dungeon, and saw 5 of its levels.

You collected 194 gold pieces.

Inventory:

Hand Weapons
 a - a +0 shortbow
 b - a +2 short sword of speed (weapon)
Missiles
 m - 5 poisoned darts (quivered)
 p - a curare-tipped dart
Armour
 c - a +0 leather armour (worn)
 j - a +2 pair of gloves (worn)
 z - a +0 pair of boots (worn)
Jewellery
 g - a ring of wizardry
Wands
 l - a wand of flame (16)
Scrolls
 e - a scroll of immolation
 f - 2 scrolls of amnesia {unknown}
 i - a scroll of torment {unknown}
 k - a scroll of poison {unknown}
 s - a scroll of butterflies
 t - a scroll of silence {unknown}
 u - a scroll of vulnerability {unknown}
 x - a scroll of identify
 y - a scroll of fog {unknown}
Potions
 n - 2 potions of flight {unknown}
 o - 2 potions of ambrosia {unknown}
 q - 2 potions of mutation
 r - a potion of berserk rage {unknown}
 v - a potion of cancellation {unknown}
 w - a potion of attraction {unknown}


   Skills:
 + Level 4.4 Fighting
 * Level 5.4 Ranged Weapons
 - Level 2.6 Dodging
 - Level 1.1 Stealth


You had 5 spell levels left.
You didn't know any spells.
Your spell library contained the following spells:

 Spells                   Type           Power      Damage    Failure   Level
 Volatile Blastmotes      Fire/Tloc      0%         2d10      86%         3
 Fulminant Prism          Conj/Hex       0%         3d5       99%         4
 Iskenderun's Mystic Bla  Conj/Tloc      0%         2d3       99%         4
 Lee's Rapid Deconstruct  Erth           0%         3d4*      100%        5


Dungeon Overview and Level Annotations

Branches:
Dungeon (4/15)             Temple (1/1) D:4

Altars:
Ashenzari
Cheibriados
Dithmenos
Elyvilon
Fedhas
Gozag
Hepliaklqana
Kikubaaqudgha
Makhleb
Nemelex Xobeh
Okawaru
Qazlal
Ru
Sif Muna
Uskayaw
Vehumet
Wu Jian
Xom
Yredelemnul
Zin
The Shining One

Annotations:
D:1 |dig


Innate Abilities, Weirdness & Mutations

((You are very nimble when in or above water. (Stealth+, EV+, Speed+++)))
Your lower body shifts to a powerful aquatic tail in water.


Message History

The killer bee stings you.
* * * LOW HITPOINT WARNING * * *
The killer bee closely misses you.
You hit the killer bee.
The killer bee is almost dead.
The killer bee closely misses you.
You hit the killer bee but do no damage.
The killer bee is almost dead.
The killer bee barely misses you.
The killer bee stings you but does no damage.
You puncture the killer bee!
You kill the killer bee!
Fedhas appreciates your contribution to the ecosystem.
You miss the killer bee. The killer bee stings you.
* * * LOW HITPOINT WARNING * * *
You miss the killer bee. The killer bee stings you.
* * * LOW HITPOINT WARNING * * *
You are poisoned.
The killer bee poisons you!
The howler monkey hoots and howls with incredible vigour!
The killer bee stings you.
* * * LOW HITPOINT WARNING * * *
You hear an angry hiss.
You feel yourself speed up.
* * * LOW HITPOINT WARNING * * *
You feel sick. The killer bee barely misses you. x2
You closely miss the killer bee. The killer bee closely misses you.
You hit the killer bee.
The killer bee is lightly wounded.
* * * LOW HITPOINT WARNING * * *
You feel sick.
The killer bee stings you but does no damage.
You miss the killer bee.
The killer bee is lightly wounded.
You hit the killer bee but do no damage.
The killer bee is lightly wounded.
* * * LOW HITPOINT WARNING * * *
You feel sick. The killer bee stings you.
You die...
Fedhas appreciates your contribution to the ecosystem.

.# .# ###############.#
#.†...........#.#
#.###########.#.###
#.#####...........#
#..........#.######
#.#####.## #...#
#.#.....# ###@#
###.#.######.# #y#
.......<.......hgg....>#
#####.##########g#####.#
##.## #J# #...# #.#
###'## ... ##8.8## ...
##.....## ...


You could see a howler monkey (catching breath), a killer bee, 2 gnolls, an
endoplasm and a hobgoblin.

Vanquished Creatures
  3 killer bees (D:4)
  A gnoll (D:4)
  9 adders
  A worm (D:4)
  A dart slug (D:3)
  4 orcs
  10 endoplasms
  4 giant cockroaches
  5 goblins
  8 hobgoblins
  2 quokkas
  7 ball pythons
  5 bats
  3 frilled lizards
  9 kobolds
  6 rats
78 creatures vanquished.

Notes
Turn   | Place    | Note
-------+----------+-------------------------------------------
     0 | D:1      | porpoise the Merfolk Hunter began the quest for the Orb.
     0 | D:1      | Reached XP level 1. HP: 16/16 MP: 1/1
   132 | D:1      | Reached XP level 2. HP: 23/23 MP: 2/2
   532 | D:1      | Reached XP level 3. HP: 28/28 MP: 3/3
   855 | D:2      | Found a burning altar of Makhleb.
   971 | D:2      | Reached skill level 4 in Ranged Weapons
  1361 | D:3      | Found a radiant altar of Vehumet.
  1365 | D:3      | Found a basalt altar of Yredelemnul.
  1368 | D:3      | Found a glowing golden altar of the Shining One.
  1533 | D:3      | Reached XP level 4. HP: 35/35 MP: 4/4
  2180 | D:4      | Reached XP level 5. HP: 36/41 MP: 5/5
  2247 | D:4      | Found a staircase to the Ecumenical Temple.
  2367 | Temple   | Entered the Ecumenical Temple
  2589 | Temple   | Became a worshipper of Fedhas Madash
  2747 | D:4      | Reached skill level 5 in Ranged Weapons
  2753 | D:4      | Reached XP level 6. HP: 24/48 MP: 6/6
  2784 | D:4      | HP: 2/49 [poisoned by a killer bee]
  2788 | D:4      | Slain by a killer bee

Illustrated notes

Levels and vault maps discovered:
D:1:      erik_arrival_orb_chamber, layout_loops_ring, due_unseen_surprise
D:2:      layout_loops_ring, basic_altar
D:3:      layout_rooms, grunt_temple_overflow_open,
          chequers_serial_rivers_small_a, minmay_randomly_rotated_circles
D:4:      layout_basic, minmay_temple_entry_large_hall, dk_noncrumbling_4,
          minmay_bent
Temple:   eino_narrow_crystal_temple

Skill      XL: |  1  2  3  4  5 |
---------------+----------------+-----
Ranged Weapons | 4 5 |  5.4
Fighting       | 3 4 |  4.4
Dodging        | |  2.6
Stealth        | |  1.1

Action                     |  1- 3 |  4- 6 || total
---------------------------+-------+-------++-------
  Melee: Short sword       |     5 |    17 ||    22
   Fire: Shortbow          |    92 |   116 ||   208
  Throw: Dart              |       |    10 ||    10
    Use: Scroll            |     2 |     3 ||     5
         Potion            |       |     6 ||     6
 Armour: Leather armour    |     8 |    34 ||    42
  Dodge: Dodged            |    21 |    89 ||   110

Table legend: (Time is in decaauts)
 A = Elapsed time spent in this place.
 B = Non-inter-level travel time spent in this place.
 C = Inter-level travel time spent in this place.
 D = Time resting spent in this place.
 E = Time spent auto-exploring this place.
 F = Levels seen in this place.
 G = Mean time per level.
                   A        B        C        D        E       F      G
               +--------+--------+--------+--------+--------+-----+--------+
         Total |   2847 |   2756 |     91 |    375 |   1821 |   5 |  569.4 |
       Dungeon |   2609 |   2560 |     49 |    375 |   1637 |   4 |  652.2 |
        Temple |    237 |    195 |     42 |      0 |    184 |   1 |  237.0 |
               +--------+--------+--------+--------+--------+-----+--------+

Top non-repeatable levels by time:
     D:1: 742 daAuts
     D:4: 734 daAuts
     D:2: 586 daAuts
     D:3: 545 daAuts
  Temple: 237 daAuts
